Map: 이터널 엠파이어 - 래더

Players

Dear

  • Race: Protoss Protoss
  • Spawn Location: 1:00

lllllllllll (sOs) - Winner!

  • Race: Protoss Protoss
  • League: Grandmaster
  • Spawn Location: 7:00

Event: War Chest Team League

VOD

Have the link to the VOD?

Description

Time

  • Played on: Aug. 9, 2020, 7:37 a.m.
  • Length: 5:38
Show
View Real Time Build Order
Export as new Build Order

Dear Protoss 

Build Orders: Oracle Opening 

Get SALT Encoding   

  12  0:00  Probe  
  13  0:12  Probe  
  14  0:17  Pylon  
  14  0:24  Probe (Chrono Boost)  
  15  0:36  Probe (Chrono Boost)  
  15  0:37  Gateway  
  16  0:44  Probe (Chrono Boost)  
  16  0:46  Assimilator  
  17  0:51  Probe  
  17  0:54  Assimilator  
  18  1:03  Probe (Chrono Boost)  
  19  1:07  Gateway  
  19  1:13  Probe (Chrono Boost)  
  19  1:18  Probe (Chrono Boost)  
  20  1:24  Cybernetics Core  
  21  1:29  Probe  
  22  1:36  Pylon  
  22  1:41  Probe  
  23  1:54  Probe  
  24  2:01  Stalker x2, Warp Gate  
  28  2:09  Pylon  
  28  2:23  Pylon  
  28  2:29  Stargate  
  28  2:34  Adept  
  30  2:38  Adept  
  32  3:01  Shield Battery  
  32  3:05  Nexus  
  32  3:09  Probe  
  32  3:12  Oracle (Chrono Boost)  
  35  3:22  Pylon  
  35  3:23  Probe  
  35  3:26  Pylon  
  36  3:36  Probe  
  37  3:44  Oracle (Chrono Boost)  
  40  3:48  Probe  
  41  3:58  Twilight Council  
  41  4:00  Probe  
  42  4:13  Probe (Chrono Boost)  
  43  4:17  Probe (Chrono Boost)  
  45  4:24  Probe (Chrono Boost)  
  45  4:26  Probe (Chrono Boost)  
  45  4:29  Probe (Chrono Boost)  
  45  4:30  Stalker x2  
  51  4:31  Probe (Chrono Boost)  
  51  4:34  Pylon  
  52  4:41  Probe  
  52  4:43  Probe  
  51  4:53  Probe  
  51  4:55  Probe  
  51  4:57  Stalker x2  
  57  5:05  Probe  
  58  5:08  Probe  
  58  5:10  Forge  
  59  5:17  Probe  
  59  5:20  Probe  
Show
View Real Time Build Order
Export as new Build Order

lllllllllll Protoss - Winner!

Build Orders: Dark Templar Rush 

Get SALT Encoding   

  12  0:00  Probe  
  13  0:12  Probe  
  14  0:17  Pylon  
  14  0:24  Probe (Chrono Boost)  
  16  0:36  Probe (Chrono Boost)  
  16  0:38  Gateway  
  16  0:42  Probe (Chrono Boost)  
  16  0:46  Assimilator  
  17  0:51  Probe  
  17  0:54  Assimilator  
  18  1:03  Probe (Chrono Boost)  
  19  1:09  Gateway  
  19  1:13  Probe (Chrono Boost)  
  20  1:18  Probe  
  20  1:25  Cybernetics Core  
  21  1:30  Probe  
  22  1:32  Pylon  
  22  1:42  Probe  
  23  1:54  Probe  
  24  2:01  Adept x2, Warp Gate  
  24  2:07  Probe  
  29  2:09  Pylon  
  29  2:31  Pylon  
  29  2:34  Sentry x2  
  33  2:55  Probe  
  34  2:59  Nexus  
  34  3:01  Shield Battery  
  34  3:05  Twilight Council  
  34  3:08  Probe  
  35  3:20  Probe  
  35  3:21  Pylon  
  36  3:32  Probe  
  37  3:34  Shield Battery  
  37  3:43  Dark Shrine  
  37  3:44  Probe  
  38  3:52  Shield Battery  
  38  3:53  Stalker  
  40  3:57  Probe  
  40  4:01  Stalker  
  43  4:05  Phoenix  
  43  4:10  Probe  
  43  4:12  Probe  
  43  4:15  Pylon  
  45  4:20  Stalker  
  47  4:26  Probe  
  47  4:27  Probe  
  49  4:40  Stalker  
  49  4:43  Probe  
  49  4:44  Probe  
  50  4:55  Probe  
  50  4:56  Dark Templar, Probe  
  54  5:04  Dark Templar  
  56  5:09  Gateway  
  56  5:10  Probe  
  56  5:11  Assimilator  
  56  5:15  Probe  
  57  5:22  Probe  
  58  5:31  Dark Templar  
Tags
 
Add a new tag
Caveats
  • Supply blocks, unpowered buildings, or Contaminate may cause inaccurate times.
  • Supply counts are checked every 10 seconds.